 Dungeon Crawl Stone Soup version 0.21.1-1-g345015fe64 (webtiles) character file.

74 Jannitor the Vexing (level 4, -16/30 HPs)
             Began as a Demonspawn Enchanter on May 6, 2018.
             Hit by a tomahawk thrown by an orc warrior (19 damage)
             ... on level 3 of the Dungeon.
             The game lasted 00:04:43 (3026 turns).

Jannitor the Vexing (Demonspawn Enchanter)          Turns: 3026, Time: 00:04:43

Health: -16/30     AC:  3    Str:  8    XL:     4   Next: 10%
Magic:  7/7        EV: 12    Int: 17    God:
Gold:   109        SH:  0    Dex: 14    Spells: 1/7 levels left

rFire    . . .     SeeInvis .   i - +3 dagger (freeze)
rCold    + . .     Gourm    .   (no shield)
rNeg     + . .     Faith    .   b - +0 robe
rPois    .         Spirit   .   (no helmet)
rElec    .         Reflect  .   m - +0 cloak
rCorr    .         Harm     .   (no gloves)
MR       .....                  (no boots)
Stlth    ++........             (no amulet)
HPRegen  0.10/turn              f - ring of positive energy
MPRegen  0.10/turn              (no ring)

@: no status effects
A: cold resistance 1, demonic guardian 1
a: no special abilities


You were on level 3 of the Dungeon.
You were very hungry.

You visited 1 branch of the dungeon, and saw 3 of its levels.

You collected 109 gold pieces.

Inventory:

Hand Weapons
 a - a +1 dagger
 i - a +3 dagger of freezing (weapon)
Missiles
 p - 5 javelins (quivered)
Armour
 b - a +0 robe (worn)
 m - a +0 cloak (worn)
Jewellery
 f - a ring of positive energy (left hand)
 o - a +3 ring of intelligence {unknown}
Scrolls
 e - a scroll of random uselessness {unknown}
 g - a scroll of remove curse {unknown}
 j - 3 scrolls of identify {unknown}
 l - 2 scrolls of magic mapping {unknown}
 r - 2 scrolls of amnesia {unknown}
Potions
 h - 2 potions of flight {unknown}
 k - a potion of heal wounds
 n - 2 potions of curing {unknown}
 q - a potion of magic {unknown}
Books
 c - a book of Maledictions

   Spells                             Type                      Level
   a - Corona                         Hexes                        1
   b - Ensorcelled Hibernation        Hexes/Ice                    2
   c - Confuse                        Hexes                        3
   d - Tukima's Dance                 Hexes                        3
   e - Dazzling Spray                 Conjuration/Hexes            3
Comestibles
 d - 7 rations


   Skills:
 - Level 2.0 Short Blades
 - Level 1.7 Dodging
 - Level 2.6 Stealth
 - Level 2.0 Spellcasting
 + Level 4.2 Hexes
 - Level 1.1 Ice Magic


You had one spell level left.
You knew the following spells:

 Your Spells              Type           Power        Failure   Level  Hunger
a - Corona                Hex            ###....      3%          1    #......
b - Ensorcelled Hibernat  Hex/Ice        ##....       10%         2    ###....
c - Confuse               Hex            ###.....     11%         3    ###....


Dungeon Overview and Level Annotations

Branches:
Dungeon (3/15)

Altars:
Sif Muna

Annotations:
D:3 exclusion: 2 doors


Innate Abilities, Weirdness & Mutations

Your flesh is cold resistant. (rC+)
A weak demonic guardian rushes to your aid.


Message History

The orc priest looks braver for a moment.
A tomahawk appears from out of your range of vision.
The tomahawk barely misses your shadow imp.
The orc wizard shouts!
The orc warrior hits you from afar with a trident.
You barely miss the orc. The orc barely misses you.
The orc priest looks encouraged for a moment.
You hit the orc but do no damage.
Your shadow imp closely misses the orc.
The orc warrior hits you from afar with a trident!!
Ouch! That really hurt!
* * * LOW HITPOINT WARNING * * *
The orc hits you.
* * * LOW HITPOINT WARNING * * *
Your shadow imp hits the orc.
The orc hits your shadow imp but does no damage.
Your shadow imp hits the orc.
The orc dies!
The orc warrior throws a tomahawk.
The tomahawk hits you!!
Ouch! That really hurt!
You die...

###.#.#.# #.# #.#
....#.#.#######.#####.#####
#####.....................#
......................>##.#
............)...#####.###.#
..#####.#####(......#.# #.# #.#
#.# #.......#.###.#
#.#####.#####.....#.#..##.#
#............<..@.........#
#######.........#.........######
.........>.......5.#####.......#
#######.......###o†o###...###.##
...# #.......# ##...#.........#
##.# #.......# #o8.#)8..###.##
.# # #.......####...#........#
.# #.............###..####.# .#
#.......###..#####.#


You could see an orc warrior, an orc priest, an orc wizard and a friendly shadow
imp.

Vanquished Creatures
  3 adders
  2 dart slugs (D:1)
  A leopard gecko (D:1)
  An orc (D:3)
  A ball python (D:1)
  2 giant cockroaches
  5 goblins
  3 hobgoblins
  7 bats
  3 frilled lizards
  7 kobolds
  6 rats
41 creatures vanquished.

Vanquished Creatures (collateral kills)
  An orc (D:3)
1 creature vanquished.

Grand Total: 42 creatures vanquished

Notes
Turn   | Place    | Note
-------+----------+-------------------------------------------
     0 | D:1      | Jannitor the Demonspawn Enchanter began the quest for the Orb.
     0 | D:1      | Reached XP level 1. HP: 13/13 MP: 3/3
    15 | D:1      | Reached skill level 1 in Short Blades
   682 | D:1      | Gained mutation: A weak demonic guardian rushes to your aid. [demonic ancestry]
   682 | D:1      | Reached XP level 2. HP: 16/19 MP: 5/5
   780 | D:1      | Learned a level 2 spell: Ensorcelled Hibernation
   979 | D:1      | Reached skill level 1 in Ice Magic
  1318 | D:2      | Reached XP level 3. HP: 24/24 MP: 3/6
  1555 | D:2      | Found a deep blue altar of Sif Muna.
  2057 | D:2      | Learned a level 3 spell: Confuse
  2454 | D:3      | Reached skill level 4 in Hexes
  2454 | D:3      | Gained mutation: Your flesh is cold resistant. (rC+) [demonic ancestry]
  2454 | D:3      | Reached XP level 4. HP: 27/30 MP: 2/7
  2713 | D:3      | Noticed an orc warrior
  3026 | D:3      | Hit by a tomahawk thrown by an orc warrior

Skill      XL: |  1  2  3 |
---------------+----------+-----
Short Blades   | 1 2 |  2.0
Ice Magic      | 1 |  1.1
Hexes          | 4 |  4.2
Dodging        | |  1.7
Stealth        | |  2.6
Spellcasting   | |  2.0

Action                   |  1- 3 |  4- 6 || total
-------------------------+-------+-------++-------
Melee: Dagger            |    99 |     7 ||   106
 Cast: Corona            |     3 |       ||     3
       Ensorcelled Hiber |     8 |       ||     8
  Use: Potion            |     1 |       ||     1
 Stab: Sleeping          |     7 |     3 ||    10
  Eat: Chunk             |     4 |     2 ||     6
Armor: Robe              |    30 |       ||    30
Dodge: Dodged            |    76 |     3 ||    79
